AoeStats
← iM 我要打十个

QS Arena

503319226Analyzed
1v1 RM · 1mo ago on Aug 31, 2026· 46m 31s· 2 players
Game mode
Random Map
Map size
Tiny (2 player)
Population
200
Speed
Normal
Resources
Standard
Victory
Conquest
Starting age
Dark Age
Ending age
Imperial Age
RankedLock teamsTeams togetherTeam positionsShared explorationLock speedFull tech treeHidden civsTurbo modeCheats
Victory
Defeat
🇦🇷 Franks · Argentina
1010
+15
🇨🇳 Khmer · China
988
-15
iM 我要打十个
3:09 Loom
9:13 Feudal Age
12:11 Castle Age
10:31 Double-Bit Axe
11:26 Horse Collar
13:34 Bow Saw
21:45 Heavy Plow
28:56 Imperial Age
28:09 Gold Mining
31:24 Imperial Age
29:31 Wheelbarrow
28:41 Town Watch
29:31 Wheelbarrow
29:23 Bloodlines
29:14 Husbandry
29:54 Light Cavalry
35:19 Herbal Medicine
36:45 Sanctity
37:05 Illumination
39:34 Fletching
AlphaKaiser92
8:10 Feudal Age
8:57 Double-Bit Axe
10:50 Gold Mining
11:52 Man-at-Arms
15:15 Stone Mining
20:00 Castle Age
19:16 Forging
19:12 Scale Barding Armor
21:12 Bow Saw
21:09 Husbandry
21:58 Iron Casting
22:55 Long Swordsman
31:18 Loom
35:28 Pikeman
44:54 Imperial Age
43:49 Chain Barding Armor
43:29 Scale Mail Armor
45:01 Cavalier
45:16 Capped Ram
Connection lost

Rejoining the realm…

Still unreachable

The connection could not be restored.

Session expired

The server has moved on; the page needs a fresh start.